 Dungeon Crawl Stone Soup version 0.28.0-53-g5a82cb258f (webtiles) character file.

Game seed: 8005562323280163799

23 Peloso the Covered (level 2, 0/27 HPs)
             Began as a Minotaur Fighter on May 31, 2022.
             Constricted to death by a ball python (1 damage)
             ... on level 2 of the Dungeon.
             The game lasted 00:00:47 (412 turns).

Peloso the Covered (Minotaur Fighter)                Turns: 412, Time: 00:00:47

Health: 0/27       AC:  7    Str: 20    XL:     2   Next: 75%
Magic:  1/1        EV:  6    Int:  5    God:
Gold:   23         SH:  4    Dex:  9    Spells: 1/1 levels left

rFire   . . .      SeeInvis .   a - +0 long sword
rCold   . . .      Faith    .   c - +0 buckler
rNeg    . . .      Spirit   .   b - +0 scale mail
rPois   .          Reflect  .   (helmet restricted)
rElec   .          Harm     .   (no cloak)
rCorr   .          Rampage  .   (no gloves)
Will    .....                   (no boots)
Stlth   ..........              (no amulet)
HPRegen 0.09/turn               (no ring)
MPRegen 0.07/turn               (no ring)

@: constricted
A: horns 2, retaliatory headbutt
a: no special abilities


You were on level 2 of the Dungeon.
You visited 1 branch of the dungeon, and saw 2 of its levels.

You collected 23 gold pieces.

Inventory:

Hand Weapons
 a - a +0 long sword (weapon)
Armour
 b - a +0 scale mail (worn)
 c - a +0 buckler (worn)
Scrolls
 e - a scroll of blinking {unknown}
 f - a scroll of teleportation {unknown}
Potions
 d - a potion of might


   Skills:
 + Level 4.1 Fighting
 + Level 2.9 Long Blades
 + Level 4.1 Armour
 + Level 3.8 Shields


You had one spell level left.
You didn't know any spells.
Your spell library was empty.

Dungeon Overview and Level Annotations

Branches:
Dungeon (1/15)

Altars:


Innate Abilities, Weirdness & Mutations

You have a pair of horns on your head.
You reflexively headbutt those who attack you in melee.


Message History

The goblin barely misses you. You furiously retaliate!
You headbutt the goblin!
You kill the goblin!
The goblin hits you but does no damage. The goblin barely misses you. x2
You furiously retaliate!
You headbutt the goblin!
You kill the goblin!
You block the goblin's attack.
Robin roars a battlecry!
The goblins go into a battle-frenzy!
You hit Robin but do no damage.
Robin is moderately wounded.
The goblin hits you with a +0 club. The goblin barely misses you.
The goblin hits you with a +0 club. Robin throws the goblin at you!
You barely miss Robin.
Robin is moderately wounded.
The ball python bites you but does no damage.
The ball python barely misses you.
The goblin hits you but does no damage. x2
The goblin hits you with a +0 club.
* * * LOW HITPOINT WARNING * * *
The goblin closely misses you. Robin hits you with a +0 short sword.
* * * LOW HITPOINT WARNING * * *
You block the ball python's attack. The ball python grabs you.
The ball python constricts you.
The dart slug briefly extends its eye-stalks.
The goblin hits you but does no damage. The goblin barely misses you.
Unknown command.
You hit Robin.
Robin is severely wounded.
The goblin completely misses you. The goblin barely misses you.
The ball python bites you but does no damage.
The ball python constricts you.
The goblin hits you but does no damage. x4
Unknown command.
You slash Robin!
You kill Robin!
You block the ball python's attack. The ball python constricts you.
* * * LOW HITPOINT WARNING * * *
The goblin barely misses you. The goblin closely misses you.
The ball python bites you.
* * * LOW HITPOINT WARNING * * *
The ball python constricts you.
You die...

#. #.#.. .. #..
#.####... #.
#...###...........
#...#.....#####.#.
..........#.......
#...#.....#.......
#.. #.....#gw.....
## #.....#gg.....
#..).g@gg....#
#....gSgg....#
#.....#......#
#.....########
#.....# #.....#
#.###### ##


You could see a dart slug, 3 hobgoblins, 6 goblins and a ball python.

Vanquished Creatures
  Robin (D:2)
  A worm (D:2)
  3 endoplasms
  4 goblins (D:2)
  4 hobgoblins
  2 quokkas (D:1)
  A ball python (D:1)
  A frilled lizard (D:2)
  A kobold (D:2)
18 creatures vanquished.

Notes
Turn   | Place    | Note
-------+----------+-------------------------------------------
     0 | D:1      | Peloso the Minotaur Fighter began the quest for the Orb.
     0 | D:1      | Reached XP level 1. HP: 19/19 MP: 0/0
   144 | D:1      | You fall into a shaft and drop 1 floor!
   170 | D:2      | Reached XP level 2. HP: 27/27 MP: 1/1
   406 | D:2      | Identified the +2 helmet "Sodug" {Int+3}
   406 | D:2      | Noticed Robin
   412 | D:2      | Killed Robin
   412 | D:2      | HP: 1/27 [ball python (2)]
   412 | D:2      | Constricted to death by a ball python

Illustrated notes

Levels and vault maps discovered:
D:1:      eino_arrival_water_star, layout_rooms, ebering_ecumenical_altar_webs
D:2:      layout_basic, uniq_crazy_yiuf_cottage, uniq_terence, uniq_robin

Skill      XL: |  1  2 |
---------------+-------+-----
Fighting       | 4 |  4.1
Armour         | 4 |  4.1
Long Blades    | |  2.9
Shields        | |  3.8

Action                   || total
-------------------------++-------
Melee: Long sword        ||    37
       Headbutt          ||     3
  Use: Potion            ||     1
Armor: Scale mail        ||    34
Dodge: Dodged            ||    32
Block: Buckler           ||    10
